 Dungeon Crawl Stone Soup version 0.29-a0-284-gf9362112df (webtiles) character file.

Game seed: 1939937055202763208

26 spaghetti the Sneak (level 2, 13/27 HPs)
             Began as a Deep Dwarf Delver on Mar 25, 2022.
             Quit the game on level 5 of the Dungeon.
             The game lasted 00:00:22 (67 turns).

spaghetti the Sneak (Deep Dwarf Delver)               Turns: 67, Time: 00:00:23

Health: 13/27      AC:  3    Str: 15    XL:     2   Next: 89%
Magic:  2/2        EV: 12    Int: 10    God:
Gold:   0          SH:  0    Dex: 14    Spells: 1/1 levels left

rFire   . . .      SeeInvis .   a - +0 short sword {short}
rCold   . . .      Faith    .   (no shield)
rNeg    . . .      Spirit   .   b - +0 leather armour
rPois   .          Reflect  .   (no helmet)
rElec   .          Harm     .   (no cloak)
rCorr   .          Rampage  .   (no gloves)
Will    .....                   (no boots)
Stlth   +++.......              (no amulet)
HPRegen 0.00/turn               (no ring)
MPRegen 0.08/turn               (no ring)

@: mildly poisoned (13 -> 13)
A: damage resistance, heal wounds, sense surroundings 1, no regeneration
a: Heal Wounds


You were on level 5 of the Dungeon.
You visited 1 branch of the dungeon, and saw 3 of its levels.


Innate Abilities, Weirdness & Mutations

You are resistant to damage.
You can heal yourself by infusing magical energy.
You passively map a small area around you.
You do not regenerate.


   Skills:
 - Level 2.6 Fighting
 - Level 1.7 Short Blades
 - Level 2.1 Dodging
 + Level 7.1 Stealth


You had one spell level left.
You didn't know any spells.
Your spell library was empty.

Inventory:

Hand Weapons
 a - a +0 short sword (weapon) {short}
Armour
 b - a +0 leather armour (worn)
Jewellery
 h - a ring of protection from fire
   (You found it on level 5 of the Dungeon)
Wands
 g - a wand of digging (3)
Scrolls
 c - a scroll of fog
 d - a scroll of magic mapping {!r}
 e - a scroll of fear
Potions
 f - a potion of haste {@q3}

Dungeon Overview and Level Annotations

Branches:
Dungeon (6/15)
 Temple: D:4-7

Altars:

..# ..#####
, *
)....... ,
< .......g
, * *
*###**
#...###.
*#.. , ##.#
* , * *...
... ,
#########.#
###
..........#
* , ,
.......@.#
, *
......5sS#*
,
.........#
*##########
* , ⌠ *


You could see a scorpion, an adder and an ufetubus.


Message History

🤖 Initializing magus.rc ...
Options error: Delay interrupt name "hungry" not recognised. (~/.crawlrc:4761) Options error: Bad monster_list_colour key: strict_neutral (~/.crawlrc:4776) ✅ Successfully initialized magus.rc [v1.9.6] Welcome, spaghetti the Deep Dwarf Delver.
The majestic Orb of Zot lies far below, as if waiting for you to find it.
Press ? for a list of commands and other information.
Found a short sword and 5 gold pieces.
Found a stone staircase leading down and a stone staircase leading up.
A gnoll comes into view. It is wielding a +0 flail.
h - a ring of protection from fire
There are no items here.
You don't know any spells.
There is a stone staircase leading up here.
You climb upwards.
There is a stone staircase leading down here.
Unknown command.
A goblin is nearby!
The helpless goblin fails to defend itself.
You puncture the goblin!
You kill the goblin!
There is a stone staircase leading down here.
You climb downwards.
There is a stone staircase leading up here.
There is a stone staircase leading down here.
You climb downwards.
There is a stone staircase leading up here.
Unknown command.
Unknown command.
The helpless iguana fails to defend itself.
You puncture the iguana! The iguana bites you. 😮 HP[-5]
You take 5 damage, and now have 15/20 hp.
MASSIVE DAMAGE!! (PAUSE)
You hit the iguana.
You kill the iguana!
Your Stealth skill increases to level 7!
You have reached level 2! 😮 HP[+5] MP[+1]
You now have 27 max hp (+7).
You regained 5 hp, and now have 20/27 hp.
Your mp is fully restored (2).
You see here an iguana corpse.
Found a stone staircase leading up.
There is a stone staircase leading up here.
An ufetubus comes into view.
You see here a +0 robe.
The ufetubus attacks as you move away! The ufetubus barely misses you.
The ufetubus misses you. The ufetubus attacks as you move away!
The ufetubus hits you. x2
The ufetubus hits you but does no damage. x2
There is a stone staircase leading up here.
The ufetubus hits you but does no damage. x2
You climb upwards.
The adder hisses angrily.
The scorpion stings you. The adder barely misses you. The scorpion stings you.
* * * LOW HITPOINT WARNING * * *
You are poisoned.
The scorpion poisons you!
There is a stone staircase leading down, spattered with blood here. 😨 HP[-7]
You take 7 damage, and now have 13/27 hp.
MASSIVE DAMAGE!! (PAUSE) Are you sure you want to abandon this character and quit the game? (Confirm with "yes".)

Skill      XL: |  1 |
---------------+----+-----
Stealth        | 7 |  7.1
Fighting       | |  2.6
Short Blades   | |  1.7
Dodging        | |  2.1

Action                   || total
-------------------------++-------
Melee: Short sword       ||     3
 Stab: Sleeping          ||     2
Armor: Leather armour    ||     4
Dodge: Dodged            ||     3

Levels and vault maps discovered:
D:4:      layout_loops_corners, uniq_menkaure
D:5:      layout_rooms, minmay_temple_entry_nine_rooms,
          minmay_shop_enchanted_jewellery, patterned_corridor
D:6:      layout_loops_ring, serial_shops, kennysheep_mini,
          kennysheep_generic_room_10

Notes
Turn   | Place    | Note
-------+----------+-------------------------------------------
     0 | D:5      | spaghetti the Deep Dwarf Delver began the quest for the
                  | Orb.
     0 | D:5      | Reached XP level 1. HP: 20/20 MP: 1/1
     0 | D:5      | magus.rc [v1.9.6]
    28 | D:6      | Noticed an iguana
    31 | D:6      | Killed an iguana
    32 | D:6      | Reached skill level 7 in Stealth
    32 | D:6      | Reached XP level 2. HP: 20/27 MP: 2/2
    66 | D:5      | Noticed a scorpion
    67 | D:5      | Quit the game

Vanquished Creatures
  An iguana (D:6)
  A goblin (D:4)
2 creatures vanquished.

Table legend:
 A = Non-vault XP
 B = Vault XP
 C = Vault XP percentage of total XP
 D = Non-vault monster count
 E = Vault monster count
 F = Vault count percentage of total count
                 A         B        C        D         E       F
            +---------+---------+-------+---------+---------+-------
      Total |      38 |       0 |   0.0 |       2 |       0 |   0.0
            +---------+---------+-------+---------+---------+-------
        D:4 |       2 |       0 |   0.0 |       1 |       0 |   0.0
        D:6 |      36 |       0 |   0.0 |       1 |       0 |   0.0
            +---------+---------+-------+---------+---------+-------

Illustrated notes

Table legend:
 A = Kills in this place as a percentage of kills in entire the game.
 B = Kills by you in this place as a percentage of kills by you in the entire game.
 C = Kills by friends in this place as a percentage of kills by friends in the entire game.
 D = Other kills in this place as a percentage of other kills in the entire game.
 E = Experience gained in this place as a percentage of experience gained in the entire game.
 F = Experience gained in this place divided by the number of levels of this place that you have seen.
                   A       B       C       D       E      F
               +-------+-------+-------+-------+-------+----------------------
         Total | 100.0 | 100.0 |   N/A |   N/A | 100.0 |  12.7
       Dungeon | 100.0 | 100.0 |   N/A |   N/A | 100.0 |  12.7
               +-------+-------+-------+-------+-------+----------------------

Table legend: (Time is in decaauts)
 A = Elapsed time spent in this place.
 B = Non-inter-level travel time spent in this place.
 C = Inter-level travel time spent in this place.
 D = Time resting spent in this place.
 E = Time spent auto-exploring this place.
 F = Levels seen in this place.
 G = Mean time per level.
                   A        B        C        D        E       F      G
               +--------+--------+--------+--------+--------+-----+--------+
         Total |     67 |     67 |      0 |      0 |     21 |   3 |   22.3 |
       Dungeon |     67 |     67 |      0 |      0 |     21 |   3 |   22.3 |
               +--------+--------+--------+--------+--------+-----+--------+

Top non-repeatable levels by time:
     D:6: 37 daAuts
     D:5: 23 daAuts
     D:4: 6 daAuts
